 Dungeon Crawl Stone Soup version 0.28-a0-819-g6ef7baa362 (webtiles) character file.

Game seed: 10045213470575318444

964 bande the Chopper (level 8, -2/48 HPs)
             Began as a Gargoyle Fighter on Nov 8, 2021.
             Was an Initiate of Okawaru.
             Slain by an ogre (10 damage)
             ... on level 5 of the Dungeon.
             The game lasted 00:07:45 (5118 turns).

bande the Chopper (Gargoyle Fighter)                Turns: 5118, Time: 00:07:46

Health: -2/48      AC: 17    Str: 21    XL:     8   Next: 15%
Magic:  8/8        EV:  9    Int:  9    God:    Okawaru [......]
Gold:   294        SH:  4    Dex: 10    Spells: 7/7 levels left

rFire   . . .      SeeInvis .   a - +0 war axe
rCold   . . .      Faith    .   c - +0 buckler
rNeg    + . .      Spirit   .   b - +0 scale mail
rPois   ∞          Reflect  .   (no helmet)
rElec   +          Harm     .   j - +0 cloak
rCorr   .          Rampage  .   f - +1 pair of gloves
Will    .....                   (no boots)
Stlth   +.........              (no amulet)
HPRegen 0.16/turn               l - +4 ring of slaying
MPRegen 0.11/turn               (no ring)

@: weak-willed
A: sickness immunity, AC +5, negative energy resistance 1, electricity
resistance, torment resistance 1, petrification resistance, camouflage 1, shaggy
fur 1
a: Renounce Religion


You were on level 5 of the Dungeon.
You worshipped Okawaru.
Okawaru was noncommittal.
You visited 2 branches of the dungeon, and saw 6 of its levels.

You collected 294 gold pieces.

Inventory:

Hand Weapons
 a - a +0 war axe (weapon)
 m - a +0 flail
Armour
 b - a +0 scale mail (worn)
 c - a +0 buckler (worn)
 f - a +1 pair of gloves (worn)
 j - a +0 cloak (worn)
Jewellery
 e - a ring of wizardry
 l - a +4 ring of slaying (left hand)
 q - a ring of fire
Wands
 d - a wand of flame (8)
 k - a wand of iceblast (13)
 o - a wand of digging (7)
Potions
 g - 2 potions of heal wounds
 h - a potion of brilliance
 i - 2 potions of might
 n - a potion of magic {unknown}
 p - a potion of attraction {unknown}


   Skills:
 + Level 4.8 Fighting
 + Level 5.8 Axes
 + Level 5.4 Armour
 - Level 0.1 Stealth
 + Level 4.6 Shields
 * Level 2.5 Evocations


You had 7 spell levels left.
You didn't know any spells.
Your spell library contained the following spells:

 Spells                   Type           Power      Damage    Failure   Level
 Conjure Flame            Conj/Fire      0%         6-21      97%         3
 Ignite Poison            Fire/Tmut/Pois 0%         N/A       97%         3
 Sticky Flame             Conj/Fire      0%         2d3       100%        4


Dungeon Overview and Level Annotations

Branches:
Dungeon (5/15)             Temple (1/1) D:5

Altars:
Ashenzari
Elyvilon
Fedhas
Okawaru
Qazlal
Vehumet
Xom


Innate Abilities, Weirdness & Mutations

You are immune to sickness and miasma.
Your stone body is resilient. (AC +5)
You are immune to poison.
You resist negative energy. (rN+)
You are resistant to electric shocks. (rElec)
You are resistant to unholy torment.
You are immune to petrification.
Your skin changes colour to match your surroundings (Stealth+).
You are covered in fur. (AC +1)


Message History

The shadow imp barely misses you.
You hit the shadow imp.
The shadow imp is severely wounded.
You block the shadow imp's attack.
You hit the shadow imp.
You kill the shadow imp!
r - a scroll labelled BITTUCV ESHYIDD
There is a staircase to the Ecumenical Temple here.
You climb downwards.
Welcome to the Ecumenical Temple!
Found three altars.
There is a staircase back to the Dungeon here.
Found a blossoming altar of Fedhas and a stormy altar of Qazlal.
Found a white marble altar of Elyvilon.
There is an iron altar of Okawaru here.
You kneel at the altar of Okawaru.
Okawaru welcomes you!
There is a staircase back to the Dungeon here.
You climb upwards.
Welcome back to the Dungeon!
There is a staircase to the Ecumenical Temple here.
As you read the scroll labelled BITTUCV ESHYIDD, it crumbles to dust.
Magic quickly surges around you.
It was a scroll of vulnerability.
You now have 294 gold pieces (gained 13).
Found an escape hatch in the ceiling.
There is an open door here.
You open the door.
An ogre comes into view. It is wielding a +0 giant club.
The ogre shouts!
You hear a shout!
Found a stone staircase leading up.
There is an open door here.
You closely miss the ogre.
The ogre hits you with a +0 giant club!!
You slash the ogre!
The ogre is heavily wounded.
The ogre hits you with a +0 giant club!!
* * * LOW HITPOINT WARNING * * *
A white imp comes into view.
You slash the ogre!
The ogre is almost dead.
The ogre hits you with a +0 giant club!
You die...

##.## ########.####
#.# #.# #.# .# ##'##
.# ##...## ##.....##
#.......## # #
#.........##.#....
.'.<.......@O<....5
###.........##.#...#
##.......## .. #
##.....## #.#
##...## .# ##'# # #.
#


You could see an ogre and a white imp.

Vanquished Creatures
  Edmund (D:4)
  A necrophage (D:3)
  An ogre (D:3)
  A centaur (D:4)
  A phantom (D:2)
  A scorpion (D:5)
  A jelly (D:5)
  An orc priest (D:3)
  2 bullfrog skeletons (D:5)
  2 hounds
  A gnoll shaman (D:4)
  A hound zombie (D:5)
  A hound skeleton (D:5)
  A howler monkey zombie (D:4)
  7 gnolls
  2 adders
  A shadow imp (D:5)
  A worm (D:3)
  3 dart slugs
  11 orcs
  6 ball pythons
  6 bats
  10 endoplasms
  2 giant cockroaches
  17 goblins
  9 hobgoblins
  3 jackals (D:2)
  4 quokkas
  2 frilled lizards
  8 kobolds
  4 rats
  A spectral kobold (D:1)
113 creatures vanquished.

Vanquished Creatures (others)
  A jackal (D:4)
  A kobold (D:4)
2 creatures vanquished.

Grand Total: 115 creatures vanquished

Notes
Turn   | Place    | Note
-------+----------+-------------------------------------------
     0 | D:1      | bande the Gargoyle Fighter began the quest for the Orb.
     0 | D:1      | Reached XP level 1. HP: 14/14 MP: 1/1
    98 | D:1      | Found a faded altar of an unknown god.
   161 | D:1      | Reached XP level 2. HP: 19/19 MP: 2/2
   496 | D:2      | Noticed a phantom
   709 | D:2      | Killed a phantom
   710 | D:2      | Reached XP level 3. HP: 4/24 MP: 3/3
   710 | D:2      | Reached XP level 4. HP: 5/29 MP: 4/4
  1103 | D:2      | Reached XP level 5. HP: 32/33 MP: 5/5
  2529 | D:4      | Reached XP level 6. HP: 33/38 MP: 6/6
  2730 | D:4      | Noticed Edmund
  3449 | D:4      | Reached skill level 1 in Evocations
  3450 | D:4      | Killed Edmund
  3451 | D:4      | Reached XP level 7. HP: 8/44 MP: 7/7
  3829 | D:4      | Gained mutation: Your skin changes colour to match your
                  | surroundings (Stealth+). [potion of mutation]
  3829 | D:4      | Gained mutation: You are covered in fur. (AC +1) [potion of
                  | mutation]
  3900 | D:3      | Reached skill level 5 in Axes
  3900 | D:3      | Reached skill level 5 in Armour
  4344 | D:4      | Found a shimmering altar of Xom.
  4637 | D:5      | Entered Level 5 of the Dungeon
  4717 | D:5      | Reached XP level 8. HP: 43/48 MP: 8/8
  5048 | D:5      | Found a staircase to the Ecumenical Temple.
  5070 | Temple   | Entered the Ecumenical Temple
  5076 | Temple   | Became a worshipper of Warmaster Okawaru
  5118 | D:5      | Slain by an ogre

Illustrated notes

Levels and vault maps discovered:
D:1:      scummos_arrival_gate, layout_basic,
          dreamdust_ecumenical_altar_drowned_temple
D:2:      cheibrodos_greedy_goblins, layout_basic
D:3:      layout_basic
D:4:      layout_rooms, xom_confusion_cloud, palyth_stone_intersect,
          kennysheep_generic_room_8, uniq_edmund
D:5:      layout_loops_corners, minmay_temple_entry_stoned_glass
Temple:   compressed_dpeg_circular_temple

Skill      XL: |  1  2  3  4  5  6  7 |
---------------+----------------------+-----
Axes           | 3 4 5 |  5.8
Armour         | 4 5 |  5.4
Shields        | 4 |  4.6
Fighting       | 4 |  4.8
Evocations     | 1 2 |  2.5
Stealth        | |  0.1

Action                   |  1- 3 |  4- 6 |  7- 9 || total
-------------------------+-------+-------+-------++-------
Melee: War axe           |    46 |   150 |   101 ||   297
  Use: Potion            |     2 |       |     1 ||     3
       Scroll            |       |     8 |     3 ||    11
Armor: Scale mail        |    29 |    77 |    59 ||   165
Dodge: Dodged            |    31 |    93 |    55 ||   179
Block: Buckler           |    11 |    38 |    28 ||    77

Table legend: (Time is in decaauts)
 A = Elapsed time spent in this place.
 B = Non-inter-level travel time spent in this place.
 C = Inter-level travel time spent in this place.
 D = Time resting spent in this place.
 E = Time spent auto-exploring this place.
 F = Levels seen in this place.
 G = Mean time per level.
                   A        B        C        D        E       F      G
               +--------+--------+--------+--------+--------+-----+--------+
         Total |   5203 |   5203 |      0 |   2148 |   2109 |   6 |  867.2 |
       Dungeon |   5190 |   5190 |      0 |   2148 |   2109 |   5 | 1038.0 |
        Temple |     12 |     12 |      0 |      0 |      0 |   1 |   12.0 |
               +--------+--------+--------+--------+--------+-----+--------+

Top non-repeatable levels by time:
     D:3: 1915 daAuts
     D:4: 1193 daAuts
     D:1: 964 daAuts
     D:2: 639 daAuts
     D:5: 476 daAuts
  Temple: 12 daAuts
